 Dungeon Crawl Stone Soup version 0.22.1-2-g9c5b331383 (webtiles) character file.

39 Ivernyr the Insei (level 3, -1/17 HPs)
             Began as a Vine Stalker Transmuter on Dec 23, 2018.
             Killed from afar by an orc wizard (6 damage)
             ... with a magic dart
             ... on level 2 of the Dungeon.
             The game lasted 00:14:22 (1486 turns).

Ivernyr the Insei (Vine Stalker Transmuter)         Turns: 1486, Time: 00:14:23

Health: -1/17      AC:  2    Str: 12    XL:     3   Next: 45%
Magic:  0/7        EV: 19    Int: 14    God:
Gold:   77         SH:  0    Dex: 19    Spells: 1/7 levels left

rFire    . . .     SeeInvis .     - Unarmed
rCold    . . .     Gourm    .   (shield currently unavailable)
rNeg     . . .     Faith    .   (armour currently unavailable)
rPois    x         Spirit   +   (helmet currently unavailable)
rElec    .         Reflect  .   (cloak currently unavailable)
rCorr    .         Harm     .   (gloves currently unavailable)
MR       .....                  (boots currently unavailable)
Stlth    ++........             g - amulet of magic regeneration
HPRegen  0.05/turn              (no ring)
MPRegen  0.35/turn              (no ring)

@: spider-form (expiring)
A: tiny, magic shield, no potion heal 3, rot immunity
a: End Transformation


You were on level 2 of the Dungeon.
You were very hungry.
You were a venomous arachnid creature.
You visited 1 branch of the dungeon, and saw 2 of its levels.

You collected 77 gold pieces.

Inventory:

Missiles
 a - 12 arrows
Armour
 b - a +0 robe (melded)
 e - a +1 scale mail of magic resistance
Jewellery
 g - an amulet of magic regeneration (around neck)
Scrolls
 h - a scroll of remove curse {unknown}
 i - 2 scrolls of identify {unknown}
Potions
 c - a potion of agility {unknown}
Comestibles
 d - 6 rations


   Skills:
 - Level 0.8 Fighting
 - Level 1.5 Dodging
 + Level 3.3 Unarmed Combat
 + Level 2.6 Spellcasting
 * Level 3.0 Transmutations


You had one spell level left.
You knew the following spells:

 Your Spells              Type           Power        Failure   Level  Hunger
a - Beastly Appendage     Tmut           ##....       17%         1    #......
b - Sticks to Snakes      Tmut           ##......     24%         2    ###....
c - Spider Form           Tmut/Pois      #.........   56%         3    ###....

Your spell library contained the following spells:

 Spells                   Type           Power        Failure   Level  Hunger
 Ice Form                 Ice/Tmut       #.......     89%         4    #####..
 Blade Hands              Tmut           ##........   95%         5    ######.


Dungeon Overview and Level Annotations

Branches:
Dungeon (2/15)

Altars:


Innate Abilities, Weirdness & Mutations

((You have extremely sharp teeth.))
When hurt, damage is shared between your health and your magic reserves.
((Your bite disrupts and absorbs the magic of your enemies.))
Potions cannot restore your health.
You are immune to rotting.


Message History

You bite the orc!
You kill the orc!
The orc wizard points at you and mumbles some strange words.
The puff of flame hits you!
Ouch! That really hurt!
You closely miss the orc wizard.
The orc wizard looks braver for a moment.
You barely miss the orc wizard.
The orc wizard hits you but does no damage.
The orc wizard hits you with a dagger.
* * * LOW HITPOINT WARNING * * *
You closely miss the orc wizard. The orc wizard completely misses you.
You bite the orc wizard!
The orc wizard is poisoned.
The orc wizard is heavily wounded.
The orc wizard completely misses you. The orc wizard closely misses you.
You barely miss the orc wizard.
The orc wizard is heavily wounded.
The orc wizard gestures at you while chanting.
The magic dart hits you!
You die...

######## #.......
#....... #.......
#########....... ####
###...............
..$###.(.#######......†
...#s### ######.# #.#o#
######.# #..o# #.......
#..### #....... .!%..
#....... o..##..
#....... .. ...
#....... . ..##
#....... ..# #.......


You could see an orc wizard and an orc.

Vanquished Creatures
  An ooze (D:2)
  A dart slug (D:1)
  A leopard gecko (D:1)
  An orc (D:2)
  5 bats
  3 goblins
  4 hobgoblins
  7 frilled lizards
  6 kobolds
  3 rats
32 creatures vanquished.

Notes
Turn   | Place    | Note
-------+----------+-------------------------------------------
     0 | D:1      | Ivernyr the Vine Stalker Transmuter began the quest for the
                  | Orb.
     0 | D:1      | Reached XP level 1. HP: 9/9 MP: 4/4
    94 | D:1      | Reached XP level 2. HP: 13/14 MP: 4/6
    98 | D:1      | Learned a level 2 spell: Sticks to Snakes
  1238 | D:2      | Reached XP level 3. HP: 17/17 MP: 7/7
  1269 | D:2      | Learned a level 3 spell: Spider Form
  1486 | D:2      | Killed from afar by an orc wizard

Skill      XL: |  1  2  3 |
---------------+----------+-----
Transmutations | 3 |  3.0
Fighting       | |  0.8
Dodging        | |  1.5
Unarmed Combat | |  3.3
Spellcasting   | |  2.6

Action                   || total
-------------------------++-------
Melee: Unarmed           ||    94
       Bite              ||    17
       Kick              ||     7
 Cast: Beastly Appendage ||     9
       Spider Form       ||     1
 Stab: Sleeping          ||     1
  Eat: Chunk             ||     1
Armor: Robe              ||    17
       Skin              ||     1
Dodge: Dodged            ||    44
